 Dungeon Crawl Stone Soup version 0.18-a0-1507-g69458e0 (webtiles) character file.

3079 GrosslyIncandescent the Martial Artist (level 9, -3/74 HPs)
             Began as a Mummy Monk on Mar 5, 2016.
             Slain by a phantom (8 damage)
             ... on level 8 of the Dungeon.
             The game lasted 00:25:40 (28834 turns).

GrosslyIncandescent the Martial Artist (MuMo)      Turns: 28834, Time: 00:25:40

Health: -3/74      AC:  2    Str: 15      XL:     9   Next: 58%
Magic:  9/9        EV: 15    Int: 12      God:
Gold:   449        SH:  6    Dex:  9 (17) Spells: 0 memorised, 8 levels left

rFire  + . .     SeeInvis .       - Unarmed
rCold  + . .     Gourm    .     (no armour)
rNeg   + + +     Faith    .     m - +0 buckler
rPois  ∞         Spirit   .     (no helmet)
rElec  .         Dismiss  .     (no cloak)
rCorr  .         Reflect  +     (no gloves)
SustAt .         Harm     .     b - +1 pair of boots
MR     +....                    q - amulet of the Invisible Hand {Reflect rF+ Int+3 SH+2, This invisible hand is trained to jerk me off}
Stlth  ++........               o - ring of protection from fire
                                e - +2 ring of evasion

@: somewhat resistant to hostile enchantments, unstealthy
A: no food or potions, fire vulnerability, cold resistance 1, negative energy
resistance 3, torment resistance, unbreathing
a: no special abilities


You were on level 8 of the Dungeon.
You were not hungry.

You visited 2 branches of the dungeon, and saw 9 of its levels.

You collected 449 gold pieces.


Innate Abilities, Weirdness & Mutations

You do not eat or drink.
Your flesh is vulnerable to fire.
You are immune to poison.
Your flesh is cold resistant.
You are immune to negative energy.
You are immune to unholy pain and torment.
You can survive without breathing.


   Skills:
 - Level 8.0 Fighting
 + Level 4.9 Dodging
 - Level 1.5 Stealth
 - Level 4.1 Shields
 - Level 8.0 Unarmed Combat


You had 8 spell levels left.
You didn't know any spells.

Inventory:

Armour
 b - a +1 pair of boots (worn)
 i - the cursed +1 leather armour "Fimug" {rPois rC+ Str+3, unknown}

   It affects your strength (+3).
   It protects you from cold.
   It protects you from poison.
   It has a curse placed upon it.
 m - a +0 buckler (worn)
Jewellery
 e - a +2 ring of evasion (left hand)
 o - a ring of protection from fire (right hand)
 p - an uncursed ring of resist corrosion
 q - the amulet of the Invisible Hand (around neck) {Reflect rF+ Int+3 SH+2, This invisible hand is trained to jerk me off}

   [amulet of reflection]

   It shields you and reflects attacks.
   It affects your intelligence (+3).
   It protects you from fire.
   It affects your SH (+2).
Scrolls
 a - 3 scrolls of identify {@r1}
 c - 2 scrolls of immolation {!r}
 d - 5 scrolls of remove curse
 f - a scroll of fear {unknown}
 g - 2 scrolls of recharging
 h - a scroll of noise {!r}
 j - 2 scrolls of magic mapping
 l - a scroll of enchant weapon
 n - a scroll of holy word {!r}

Dungeon Overview and Level Annotations

Branches:
Dungeon (8/15)             Temple (1/1) D:6
   Lair: D:8-11

Altars:
Nemelex Xobeh
Xom

Annotations:
D:2 exclusion: 3 upstairs
D:3 !Deep elf knight
D:4 !ELVES

▒ .▒ ▒▒.▒▒▒▒ .W..#.%
▒▒▒▒▒▒▒▒▒▒▒▒▒▒...▒
▒.......WM.).)...▒
▒.▒▒▒▒▒▒▒▒▒▒▒▒.▒.....
▒.▒ .▒ ... ▒.▒ .▒ .
▒.▒ .▒ ▒.▒ .▒ ▒.▒ o▒
▒.▒ o▒ ▒.▒


You could see a phantom.


Message History

* * * don't die
* * * You closely miss something!
An orc wizard appears from thin air!!!
Reactivating autopickup!
The orc wizard hits you with a dagger! * * * don't die
* * * You beat the orc wizard into a bloody pulp!!!
You annihilate the orc wizard!!!
You feel your dexterity returning!
The phantom blinks!!!
You barely miss the orc wizard!
The orc wizard is severely wounded!
The orc wizard hits you but does no damage!
The orc wizard gestures wildly while chanting!
The orc wizard blinks!!!
The orc wizard casts a spell!
The orc wizard blinks!!!
Things that are here:
a short sword; a ring mail; an orc corpse The orc wizard gestures at you while chanting!
The magic dart hits you!!! * * * don't die
* * * The orc wizard barely misses you!
You pulverise the orc wizard!
The orc wizard is almost dead!
The orc wizard hits you but does no damage!
You pulverise the orc wizard!
You annihilate the orc wizard!!!
The phantom blinks!!!
The phantom hits you!!! rip

Action                   |  1- 3 |  4- 6 |  7- 9 || total
-------------------------+-------+-------+-------++-------
Melee: Unarmed           |   168 |   329 |   749 ||  1246
  Use: Scroll            |       |       |    12 ||    12
 Stab: Sleeping          |       |     6 |     3 ||     9
       Distracted        |       |     1 |       ||     1

Vault maps used:
D:1:      matt_arrival_los_fun, xom_teletrap_fun
D:2:      first_bread
D:3:      uniq_iyjb
D:4:      dk_vineyard_3
D:5:      lemuel_coloured_pillars_altar, guppyfry_early_lair_pool
D:6:      temple_doors_e
D:8:      grunt_decor_one_mirror
Temple:   kilobyte_greek_temple_18

Notes
Turn   | Place    | Note
--------------------------------------------------------------
     0 | D:1      | GrosslyIncandescent the Mummy Monk began the quest for the Orb.
     0 | D:1      | Reached XP level 1. HP: 18/18 MP: 1/1
   490 | D:1      | Reached XP level 2. HP: 24/24 MP: 2/2
   555 | D:1      | Found a shimmering altar of Xom.
  2710 | D:1      | Reached skill level 4 in Unarmed Combat
  2943 | D:1      | Reached XP level 3. HP: 19/29 MP: 3/3
  3473 | D:1      | Noticed a necrophage
  3695 | D:1      | Killed a necrophage
  3695 | D:1      | Reached skill level 5 in Unarmed Combat
  3695 | D:1      | Reached XP level 4. HP: 19/35 MP: 4/4
  3695 | D:1      | Reached XP level 5. HP: 22/41 MP: 5/5
  3957 | D:1      | Found a shimmering altar of Xom.
  4665 | D:1      | Found a shimmering altar of Xom.
  8040 | D:1      | Noticed a skeletal warrior
  8044 | D:1      | Noticed a skeletal warrior
  8049 | D:1      | Noticed a skeletal warrior
 12264 | D:2      | Noticed a deep elf mage
 12336 | D:3      | Noticed Ijyb
 12351 | D:3      | Killed Ijyb
 12351 | D:3      | Reached skill level 4 in Fighting
 12622 | D:2      | Reached XP level 6. HP: 25/48 MP: 6/6
 13746 | D:4      | Reached skill level 5 in Fighting
 14100 | D:5      | Entered Level 5 of the Dungeon
 14320 | D:5      | Reached skill level 3 in Dodging
 14320 | D:5      | Reached XP level 7. HP: 30/56 MP: 7/7
 14740 | D:5      | Reached skill level 4 in Dodging
 15028 | D:4      | Got a shimmering leather armour
 15281 | D:4      | Noticed Sargon's ghost (amateur HOFi)
 15352 | D:5      | Found a sparkling altar of Nemelex Xobeh.
 15461 | D:5      | Reached skill level 1 in Shields
 15576 | D:5      | Got a smoking graven amulet
 15727 | D:5      | Identified the amulet of the Invisible Hand {Reflect rF+ Int+3 SH+2} (You took it off an orc priest on level 5 of the Dungeon)
 15728 | D:5      | This invisible hand is jerking me off
 15798 | D:5      | Reached skill level 2 in Shields
 16425 | D:4      | Reached skill level 3 in Shields
 17374 | D:5      | Reached XP level 8. HP: 62/62 MP: 8/8
 17431 | D:5      | Reached skill level 4 in Shields
 17618 | D:5      | HP: 2/62 [orc wizard/puff of flame (5)]
 18312 | D:6      | Reached skill level 6 in Unarmed Combat
 18434 | D:6      | Found a staircase to the Ecumenical Temple.
 18511 | Temple   | Entered the Ecumenical Temple
 18644 | D:6      | Reached skill level 7 in Unarmed Combat
 19285 | D:5      | Found a sparkling altar of Nemelex Xobeh.
 19606 | D:5      | Reached skill level 8 in Unarmed Combat
 20037 | D:4      | Reached XP level 9. HP: 66/68 MP: 9/9
 20081 | D:4      | Killed Sargon's ghost
 20723 | D:3      | Reached skill level 6 in Fighting
 21226 | D:2      | Killed a deep elf mage
 21226 | D:2      | Reached skill level 7 in Fighting
 26780 | D:3      | Noticed a deep elf knight
 26857 | D:3      | Noticed a deep elf mage
 26857 | D:3      | Noticed a deep elf death mage
 26857 | D:3      | Noticed a deep elf mage
 26859 | D:3      | Noticed a deep elf archer
 27901 | D:7      | Reached skill level 8 in Fighting
 28827 | D:8      | HP: 4/74 [orc wizard/magic dart (7)]
 28834 | D:8      | Slain by a phantom

Vanquished Creatures
  A deep elf mage (D:2)
  The ghost of Sargon the Chopper, an amateur HOFi (D:4)
  A hippogriff (D:7)
  A necrophage (D:1)
  A phantom (D:7)
  An ice beast (D:5)
  3 ogres
  2 centaurs
  A giant frog (D:6)
  2 scorpions
  3 howler monkeys
  3 wights (D:6)
  A quasit (D:5)
  4 hounds
  3 orc priests
  2 iguanas
  Ijyb (D:3)
  11 orc wizards
  12 worker ants
  A worker ant zombie (D:6)
  3 gnolls
  A howler monkey skeleton (D:6)
  12 adders
  A shadow imp (D:6)
  2 oozes
  3 adder skeletons
  2 worms (D:2)
  3 dart slugs
  10 giant geckos
  28 orcs
  7 bats
  6 giant cockroaches
  11 hobgoblins
  10 jackals
  5 quokkas
  3 ball pythons
  A ball python zombie (D:5)
  6 giant newts
  10 goblins
  A jackal skeleton (D:7)
  12 kobolds
  A quokka skeleton (D:4)
  A quokka zombie (D:5)
  22 rats
216 creatures vanquished.

Vanquished Creatures (others)
  A centaur (D:6)
1 creature vanquished.

Grand Total: 217 creatures vanquished
